 Dungeon Crawl Stone Soup version 0.31-a0-1439-g542172135e (webtiles) character file.

Game seed: 16746366506464598644

1561182 EnegeticOcto the Politician (level 27, 192/192 HPs)
             Began as a Kobold Enchanter on Dec 26, 2023.
             Was the Champion of Zin.
             Escaped with the Orb
             ... and 3 runes on Dec 27, 2023!
             The game lasted 02:46:56 (79408 turns).

EnegeticOcto the Politician (Kobold Enchanter)     Turns: 79408, Time: 02:46:57

Health: 192/192    AC: 17    Str:  9    XL:     27
Magic:  48/48      EV: 43    Int: 24    God:    Zin [******]
Gold:   3668       SH:  0    Dex: 33    Spells: 15/50 levels left

rFire   + . .        w - +8 arc blade {discharge, rElec}
rCold   + . .        z - orb of Reridd {guile, Str-2 Dex+3 Alchemy}
rNeg    + + .        X - +3 troll leather armour "Liojics" {rElec Will++ Regen+}
rPois   +            Y - +2 hat {Will+}
rElec   +            M - +2 cloak of the Crushed Teeth {rPois Int+4}
rCorr   .            e - +1 pair of gloves "Pyof" {rPois Str+4 Int+3}
SInv    +            m - +2 pair of boots {Stlth+}
Will    ++++.        x - amulet of regeneration
Stlth   +++          T - ring "Yjerenos" {+Blink rF+ rN++ MP+9 SInv}
HPRegen 2.12/turn    j - ring of Wor Suth {rC+ Will+ Int-2 Dex+5}
MPRegen 0.31/turn

%: no passive effects
@: no status effects
A: small, no large weapons, nightstalker 3
0: Orb of Zot
}: 3/15 runes: decaying, silver, gossamer
a: Renounce Religion, Evoke Blink, Recite, Vitalisation, Imprison, Sanctuary,
Donate Gold


You escaped.
You worshipped Zin.
Zin was exalted by your worship.
You visited 12 branches of the dungeon, and saw 53 of its levels.
You also visited: Ossuary and Gauntlet.

You collected 7930 gold pieces.
You spent 3877 gold pieces at shops.
You donated 385 gold pieces to Zin.

Inventory:

Hand Weapons
 w - the +8 arc blade (weapon) {discharge, rElec}
   (You took it off a deep elf pyromancer on level 3 of the Elven Halls)

   rElec:     It insulates you from electricity.
Missiles
 f - 18 curare-tipped darts (quivered)
Armour
 e - the +1 pair of gloves "Pyof" (worn) {rPois Str+4 Int+3}
   (You acquired it on level 2 of the Dungeon)

   Str+4:     It affects your strength (+4).
   Int+3:     It affects your intelligence (+3).
   rPois:     It protects you from poison
 m - a +2 pair of boots of stealth (worn)
   (You found it on level 1 of the Depths)
 z - the orb of Reridd (worn) {guile, Str-2 Dex+3 Alchemy}
   (You bought it in a shop on level 4 of the Vaults)

   Str-2:     It affects your strength (-2).
   Dex+3:     It affects your dexterity (+3).
   Alchemy:   It increases the power of your Alchemy spells.
 M - the +2 cloak of the Crushed Teeth (worn) {rPois Int+4}
   (You bought it in a shop on level 2 of the Orcish Mines)

   Int+4:     It affects your intelligence (+4).
   rPois:     It protects you from poison
 X - the +3 troll leather armour "Liojics" (worn) {rElec Will++ Regen+}
   (You bought it in a shop on level 2 of the Orcish Mines)

   rElec:     It insulates you from electricity.
   Will++:    It greatly increases your willpower.
   Regen+:    It increases your rate of health regeneration.
 Y - a +2 hat of willpower (worn)
   (You took it off Gastronok on level 2 of the Lair of Beasts)
Jewellery
 b - a +5 ring of evasion
   (You took it off a vault guard on level 5 of the Vaults)
 j - the ring of Wor Suth (right hand) {rC+ Will+ Int-2 Dex+5}
   (You found it on level 4 of the Spider Nest)

   [ring of protection from cold]

   Int-2:     It affects your intelligence (-2).
   Dex+5:     It affects your dexterity (+5).
   rC+:       It protects you from cold.
   Will+:     It increases your willpower.
 x - an amulet of regeneration (around neck)
   (You found it on level 1 of the Lair of Beasts)
 T - the ring "Yjerenos" (left hand) {+Blink rF+ rN++ MP+9 SInv}
   (You found it on level 2 of the Spider Nest)

   [ring of see invisible]

   rF+:       It protects you from fire.
   rN++:      It greatly protects you from negative energy.
   MP+9:      It affects your magic capacity (+9).
   SInv:      It lets you see invisible.
   +Blink:    It lets you blink.
Wands
 t - a wand of acid (36) {@v1}
   (You found it on level 3 of the Dungeon)
 D - a wand of iceblast (44) {@v2}
   (You found it on level 4 of the Dungeon)
 F - a wand of flame (64) {@v4}
   (You found it in an ossuary)
 K - a wand of digging (21) {@v3}
   (You found it on level 5 of the Dungeon)
 L - a wand of mindburst (37)
   (You found it on level 5 of the Dungeon)
 O - a wand of charming (50)
   (You found it on level 7 of the Dungeon)
Scrolls
 i - 13 scrolls of teleportation {@r3 !r}
 n - 6 scrolls of poison
 u - 2 scrolls of silence {!r}
 v - 15 scrolls of vulnerability
 A - 8 scrolls of fear {!r}
 C - 5 scrolls of blinking {@r4}
 E - 3 scrolls of butterflies
 H - a scroll of revelation {@r5 !r}
 S - 3 scrolls of enchant armour
 W - 5 scrolls of fog {!r}
 Z - 6 scrolls of immolation
Potions
 a - 5 potions of magic
 c - 6 potions of invisibility
 d - 7 potions of ambrosia
 k - 8 potions of mutation
 o - 6 potions of haste {@q4 !q}
 q - 8 potions of heal wounds {@q2 !q}
 r - 6 potions of enlightenment
 y - 3 potions of resistance
 B - 23 potions of curing {@q1 !q}
 G - 4 potions of berserk rage
 I - 11 potions of attraction
 J - 5 potions of cancellation
 Q - 7 potions of might {@q3 !q}
 V - 5 potions of brilliance
Miscellaneous
 g - a sack of spiders
   (You found it on level 5 of the Lair of Beasts)
 h - a lightning rod (4/4)
   (You found it in a Gauntlet)
 l - a phantom mirror
   (You found it on level 11 of the Dungeon)
 p - a condenser vane
   (You found it on level 1 of the Swamp)
 U - a phial of floods
   (You found it in a Gauntlet)


   Skills:
 + Level 24.5 Fighting
 O Level 27 Short Blades
 - Level 6.0 Armour
 + Level 22.4 Dodging
 - Level 16.0 Stealth
 - Level 8.8 Shields
 - Level 12.0 Spellcasting
 - Level 20.0 Hexes
 - Level 8.0 Ice Magic
 - Level 9.0 Air Magic
 - Level 8.0 Earth Magic
 - Level 15.0 Invocations
 - Level 13.0 Evocations


You had 15 spell levels left.
You knew the following spells:

 Your Spells              Type           Power      Damage    Failure   Level
a - Ensorcelled Hibernat  Hex/Ice        100%       N/A       1%          2
b - Confusing Touch       Hex            84%        N/A       0%          3
c - Enfeeble              Hex            42%        N/A       1%          7
d - Tukima's Dance        Hex            84%        N/A       0%          3
e - Ozocubu's Armour      Ice            51%        N/A       1%          3
f - Silence               Hex/Air        35%        N/A       1%          5
p - Passwall              Erth           51%        N/A       1%          3
H - Cause Fear            Hex            42%        N/A       0%          4
V - Swiftness             Air            55%        N/A       1%          3
Y - Blink                 Tloc           28%        N/A       9%          2

Your spell library contained the following spells:

 Spells                   Type           Power      Damage    Failure   Level
 Slow                     Hex            100%       N/A       0%          1
 Jinxbite                 Hex            100%       N/A       0%          2
 Sigil of Binding         Hex            84%        N/A       0%          3
 Freeze                   Ice            100%       1d10      1%          1
 Shock                    Conj/Air       100%       1d9       1%          1
 Mercury Vapours          Alch/Air       100%       N/A       1%          2
 Dazzling Flash           Conj/Hex       100%       N/A       1%          3
 Frozen Ramparts          Ice            100%       1d16      1%          3
 Airstrike                Air            27%        2d(4-20)  1%          4
 Anguish                  Hex/Necr       29%        N/A       1%          4
 Dimensional Bullseye     Hex/Tloc       29%        N/A       1%          4
 Metabolic Englaciation   Hex/Ice        34%        N/A       1%          5
 Summon Mana Viper        Hex/Summ       58%        N/A       2%          5
 Yara's Violent Unravell  Hex/Alch       38%        3d15      2%          5
 Hailstorm                Conj/Ice       33%        3d8       3%          3
 Summon Ice Beast         Ice/Summ       33%        N/A       3%          3
 Kiss of Death            Conj/Necr      56%        2d9       5%          1
 Magic Dart               Conj           56%        1d5       5%          1
 Sting                    Conj/Alch      84%        1d8       5%          1
 Lee's Rapid Deconstruct  Erth           25%        3d14*     6%          5
 Call Imp                 Summ           28%        N/A       9%          2
 Lesser Beckoning         Tloc           28%        N/A       9%          2
 Momentum Strike          Conj/Tloc      28%        3d8       9%          2
 Summon Lightning Spire   Summ/Air       36%        N/A       9%          4
 Animate Armour           Summ/Erth      66%        N/A       11%         4
 Brom's Barrelling Bould  Conj/Erth      33%        2d5       11%         4
 Leda's Liquefaction      Alch/Erth      25%        N/A       11%         4
 Petrify                  Alch/Erth      50%        N/A       11%         4
 Call Canine Familiar     Summ           14%        N/A       17%         3
 Fugue of the Fallen      Necr           14%        N/A       17%         3
 Gell's Gravitas          Tloc           14%        N/A       17%         3
 Teleport Other           Tloc           14%        N/A       17%         3
 Vampiric Draining        Necr           14%        2d7       17%         3
 Volatile Blastmotes      Fire/Tloc      28%        2d12      17%         3
 Dispel Undead            Necr           14%        3d10      50%         4
 Fulminant Prism          Conj/Alch      10%        3d9       50%         4
 Ignite Poison            Fire/Alch      21%        N/A       50%         4
 Iskenderun's Mystic Bla  Conj/Tloc      14%        2d5       50%         4
 Manifold Assault         Tloc           14%        N/A       50%         4
 Olgreb's Toxic Radiance  Alch           21%        N/A       50%         4
 Passage of Golubria      Tloc           14%        N/A       50%         4
 Sticky Flame             Fire/Alch      21%        2d6       50%         4
 Summon Blazeheart Golem  Fire/Summ      14%        N/A       50%         4
 Fireball                 Conj/Fire      7%         3d5       83%         5
 Iskenderun's Battlesphe  Conj           14%        2d7       83%         5
 Summon Forest            Summ/Tloc      7%         N/A       83%         5
 Bombard                  Conj/Erth      16%        9d3       86%         6
 Sculpt Simulacrum        Ice/Alch       25%        N/A       86%         6
 Dispersal                Tloc           7%         N/A       100%        6
 Starburst                Conj/Fire      7%         6d4       100%        6
 Summon Cactus Giant      Summ           7%         N/A       100%        6
 Haunt                    Necr/Summ      7%         N/A       100%        7
 Orb of Destruction       Conj           7%         9d6       100%        7
 Spellforged Servitor     Conj/Summ      7%         N/A       100%        7
 Ignition                 Fire           7%         3d4       100%        8
 Lehudib's Crystal Spear  Conj/Erth      16%        10d5      100%        8
 Maxwell's Capacitive Co  Air            27%        ∞         100%        8
 Chain Lightning          Conj/Air       18%        3d24      100%        9
 Dragon's Call            Summ           7%         N/A       100%        9
 Fire Storm               Conj/Fire      7%         8d2       100%        9
 Polar Vortex             Ice            25%        12d3*     100%        9
 Shatter                  Erth           25%        3d22*     100%        9


Dungeon Overview and Level Annotations

Branches:
Dungeon (15/15)            Temple (1/1) D:7            Lair (5/5) D:11
  Swamp (4/4) Lair:3       Spider (4/4) Lair:2        Slime (2/5) Lair:4
    Orc (2/2) D:10            Elf (3/3) Orc:2        Vaults (5/5) D:13
  Crypt (3/3) Vaults:3       Tomb (0/3) Crypt:3      Depths (4/4) D:15
    Zot (5/5) Depths:4    Ossuary (visited)         Gauntlet (visited)

Altars:
Ashenzari
Cheibriados
Dithmenos
Elyvilon
Fedhas
Gozag
Hepliaklqana
Kikubaaqudgha
Makhleb
Nemelex Xobeh
Okawaru
Qazlal
Ru
Sif Muna
Trog
Uskayaw
Vehumet
Wu Jian
Xom
Yredelemnul
Zin
The Shining One
Jiyva
Lugonu

Shops:
D:2 ?   D:5 !   D:7 (   D:12 :   Orc:1 :   Orc:2 :([[:   Elf:2 [   Vaults:3 [=
Vaults:4 *   Depths:2 =   Depths:3 !

Portals:
Hell: Depths:1 Depths:2 Depths:3 Depths:4
Abyss: Depths:3 Depths:4
Pandemonium: Depths:2 Depths:3
Ziggurat: Depths:1

Annotations:
D:15 exclusion: 3 skeletal warriors
Orc:1 2 runed translucent doors, 2 transporters, exclusion: orange crystal statue, topfpfpflanze's ghost, novice FeAE
Elf:2 3 runed translucent doors, exclusion: door
Vaults:3 3 runed doors
Vaults:4 2 transporters, exclusion: 2 orange crystal statues, Bidatih's ghost, adept MiBe; Dacon's ghost, adept MiGl; Forgeling's ghost, adept FeEn
Depths:1 exclusion: door


Innate Abilities, Weirdness & Mutations

You are small and have problems with some larger weapons.
You are completely attuned to the shadows.


Message History

You see here an amulet of faith.
A chaos spawn comes into view.
There is a stone staircase leading up here.
The chaos spawn's many legs skitter faintly.
You climb upwards.
There is a stone staircase leading down here.
(D) Dungeon (T) Temple (L) Lair (S) Swamp (N) Spider Nest (M) Slime Pits (O) Orcish Mines (E) Elven Halls (V) Vaults (C) Crypt (W) Tomb (U) Depths (H) Hell (Z) Zot
Where to? (Tab/Enter - D:1 @ (x,y), ? - help)
There is an open door here.
There is an open door here.
There is a stone staircase leading up here.
You climb upwards.
There is a stone staircase leading down here.
Items here: ( )))))).
Magic restored.
There is a stone staircase leading up here.
You climb upwards.
There is a stone staircase leading down here.
There is a stone staircase leading up here.
You climb upwards.
There is a stone staircase leading down here.
There is a stone staircase leading up here.
You climb upwards.
There is a stone staircase leading down here.
There is a stone staircase leading up here.
You see here a +1 dagger.
You climb upwards.
There is a stone staircase leading down here.
There is a stone staircase leading up here.
You climb upwards.
There is a stone staircase leading down here.
You see here 3 stones.
A ynoxinul comes into view.
Unknown command.
Casting: Ensorcelled Hibernation (safe; 1% risk of failure)
Confirm with . or Enter, or press ? or * to list all spells.
Aiming: Ensorcelled Hibernation (safe; 1% risk of failure)
Press: ? - help, Shift-Dir - straight line, f - you That would be overly suicidal.
Okay, then.
Casting: Ensorcelled Hibernation (safe; 1% risk of failure)
Confirm with . or Enter, or press ? or * to list all spells.
Your hands begin to glow red.
The ynoxinul misses you.
You hit the ynoxinul but do no damage.
The ynoxinul appears confused.
The arc blade crackles.
The ynoxinul is struck by an arc of lightning!
The ynoxinul resists.
The ynoxinul is lightly wounded.
You resist.
You are struck by an arc of lightning.
The ynoxinul is struck by an arc of lightning!
The ynoxinul resists.
The ynoxinul is moderately wounded.
You resist.
You are struck by an arc of lightning.
The ynoxinul is struck by an arc of lightning.
The ynoxinul completely resists.
The ynoxinul is moderately wounded.
You hit the ynoxinul.
The arc blade crackles.
The ynoxinul is struck by an arc of lightning!
The ynoxinul resists.
The ynoxinul is heavily wounded.
You are struck by an arc of lightning.
The ynoxinul is struck by an arc of lightning!
The ynoxinul resists.
The ynoxinul is heavily wounded.
You resist.
You are struck by an arc of lightning.
The ynoxinul is struck by an arc of lightning!
The ynoxinul resists.
The ynoxinul is severely wounded.
You are struck by an arc of lightning.
The ynoxinul is struck by an arc of lightning!
The ynoxinul resists.
The ynoxinul is severely wounded.
You are struck by an arc of lightning.
The ynoxinul is struck by an arc of lightning.
The ynoxinul resists.
The ynoxinul is almost dead.
The lightning grounds out.
The ynoxinul is almost dead.
The ynoxinul completely misses you.
You impale the ynoxinul!!
You kill the ynoxinul!
(D) Dungeon (T) Temple (L) Lair (S) Swamp (N) Spider Nest (M) Slime Pits (O) Orcish Mines (E) Elven Halls (V) Vaults (C) Crypt (W) Tomb (U) Depths (H) Hell (Z) Zot
Where to? (Tab/Enter - D:1 @ (x,y), ? - help) Magic restored.
There is an open door here.
There is an open door here.
There is a dry fountain here.
There is an open door here.
There is an open door here.
There is an open door here.
There is an open door here.
There is an open door here.
There is a staircase leading out of the dungeon here.
You have escaped!

#.'...'...'...'...# #.# #. #
##.#...#...#...#...# #.# #. ##
#..##'###########'## #.# #.
.###.##...#...#...#...# #.# #.
......#.⌠.#...'...#.⌠.######.###.
..#####...#...#...#...#..........
#.# ##'###'####################
#.## #...#...#...#...# #..#
#...#...'.@.#...# #####
#...#...#...#...# .##.#
##'###'#######'##
.#..###...#..)#...#...#
..#.#.'.⌠.'...'...'.⌠.#
....#.#...#...#...#...#
......##############'##
#####.....# #.######.#
##.######## #........#


There were no monsters in sight!

Vanquished Creatures
  2 dread liches (Crypt:3)
  2 orbs of fire
  2 ancient liches
  Mara (Depths:1)
  Sojobo (Crypt:2)
  Xtahua (Depths:4)
  Bai Suzhen (Vaults:3)
  Vv (Crypt:1)
  the Lernaean hydra (Swamp:4)
  Margery (Depths:4)
  3 Killer Klowns
  3 curse toes
  5 golden dragons
  3 bone dragons
  Nikola (Swamp:1)
  2 electric golems
  A Brimstone Fiend (D:15)
  15 tentacled monstrosities
  5 liches
  Rupert (D:13)
  3 deep elf blademasters
  20 Orb Guardians (Zot:5)
  2 deep elf master archers (Elf:3)
  A searing wretch (Depths:4)
  4 acid blobs
  An ancient champion (Crypt:2)
  7 titans (Vaults:5)
  4 quicksilver dragons
  An Executioner (Depths:1)
  A tentacled starspawn (Depths:2)
  4 sphinxes
  Gastronok (Lair:2)
  2 death cobs
  5 tengu reavers
  5 shadow dragons
  Donald (Swamp:3)
  20 storm dragons
  An azure jelly (Slime:2)
  4 revenants
  3 protean progenitors
  5 draconian knights
  The ghost of Pimul the Severer, an adept GrBe of Trog (Swamp:2)
  4 draconian monks
  9 draconian shifters
  7 fire giants
  13 vault wardens
  An iron dragon (Depths:4)
  7 draconian scorchers
  5 deep elf sorcerers
  4 emperor scorpions
  6 ghost moths
  7 ghouls
  3 deep elf elementalists (Elf:3)
  3 orc warlords
  5 draconian annihilators
  4 curse skulls
  4 draconian stormcallers
  8 frost giants
  2 juggernaut skeletons (Depths:3)
  A spriggan defender (Depths:1)
  4 broodmothers
  12 ironbound preservers
  2 vampire knights
  3 formless jellyfish
  17 stone giants
  A caustic shrike skeleton (Depths:3)
  11 ironbound thunderhulks
  9 very ugly things
  Nessos (D:13)
  7 deep elf demonologists
  A demonspawn black sun (D:9)
  13 green draconians
  5 eleionomae
  A minotaur (Gauntlet)
  A lorocyproca (Zot:1)
  12 deep elf death magi
  19 red draconians
  5 bunyips
  13 yellow draconians
  6 spark wasps
  15 black draconians
  6 dire elephants
  10 white draconians
  Azrael (Elf:1)
  4 deep elf annihilators
  6 war gargoyles
  7 purple draconians
  6 eidola
  A blizzard demon (Depths:1)
  A green death (Depths:1)
  3 crystal guardians
  Josephine (D:12)
  8 entropy weavers
  A shambling mangrove (Swamp:2)
  13 yaktaur captains
  10 fire dragons
  6 jiangshi
  An entropy weaver (shapeshifter) (Vaults:5)
  10 ettins
  A spriggan zombie (Crypt:3)
  31 vault guards
  The ghost of ProfCupcake the Marksspriggan, a journeyman SpHu of Hepliaklqana (Spider:2)
  2 rakshasas
  3 deep elf high priests
  8 great orbs of eyes
  3 quicksilver dragon skeletons
  9 ironbound frosthearts
  2 hell beasts
  9 ice dragons
  3 peacekeepers
  5 spriggan skeletons
  A catoblepas (Lair:5)
  23 hydras
  A spriggan air mage (Depths:1)
  2 jorogumos
  8 alligators
  2 death knights
  2 two-headed ogres
  6 ghost crabs
  5 radroaches
  3 sphinx skeletons
  13 boulder beetles
  17 dancing weapons
  19 centaur warriors
  2 tengu warriors
  8 demonic crawlers
  4 orc high priests
  3 vampire magi
  12 deep troll earth magi
  A shock serpent (shapeshifter) (Vaults:5)
  3 spriggan berserkers
  6 deep troll shamans
  2 thrashing horrors (Depths:2)
  An occultist (Vaults:4)
  A soul eater (D:9)
  9 hell knights
  12 deep elf knights
  2 titan zombies
  2 titan skeletons (Crypt:3)
  A skyshark (shapeshifter) (Vaults:5)
  4 sun demons
  6 iron trolls
  3 storm dragon skeletons
  2 sixfirhies
  3 skysharks
  8 pharaoh ants
  3 goliath frogs (Swamp:1)
  A sea snake (shapeshifter) (Vaults:5)
  41 skeletal warriors
  3 shadow wraiths (Crypt:2)
  5 spriggan druids
  54 deep trolls
  2 flayed ghosts
  A sun moth (Spider:1)
  4 orb spiders
  A glowing orange brain (Vaults:2)
  A shadow demon (D:9)
  15 orc knights
  2 anaconda zombies (Crypt:1)
  A sun moth (shapeshifter) (Depths:2)
  12 lindwurms
  5 bog bodies
  A harpy (D:14)
  22 ironbound convokers
  2 lindwurms (shapeshifter)
  11 swamp dragons
  5 arcanists
  7 deep elf archers
  22 deep elf pyromancers
  2 golden dragon skeletons (Depths:3)
  3 bunyip skeletons
  8 orc sorcerers
  An anaconda skeleton (Crypt:3)
  A mana viper (shapeshifter) (Vaults:5)
  11 steelbarb worms
  11 phantasmal warriors
  20 wolf spiders
  A harpy (shapeshifter) (D:14)
  5 necromancers
  19 deep elf zephyrmancers
  An iron dragon zombie (Crypt:3)
  3 manticores
  2 stone giant zombies
  22 ugly things
  2 salamanders (Depths:1)
  3 tengu skeletons
  An oklob plant (Lair:4)
  2 will-o-the-wisps
  A worldbinder (Depths:2)
  2 shadow dragon skeletons (Depths:3)
  5 cyclopes
  16 elephants (Lair:5)
  5 fire giant skeletons
  An eleionoma skeleton (Crypt:1)
  An iron dragon skeleton (Depths:3)
  2 kobold blastminers (Orc:2)
  10 meliai
  42 moths of wrath
  A frost giant skeleton (Depths:3)
  4 black mambas
  5 apocalypse crabs (Swamp:1)
  25 vault sentinels
  A shock serpent skeleton (Crypt:1)
  2 smoke demons
  2 centaur skeletons (Crypt:3)
  5 gargoyles
  A torpor snail (Spider:2)
  2 large abominations (Depths:2)
  A dire elephant skeleton (Crypt:3)
  9 cane toads
  A yaktaur zombie (Vaults:1)
  3 rime drakes
  A catoblepas zombie (Crypt:1)
  2 hellions
  5 komodo dragons
  29 yaktaurs
  9 freezing wraiths
  2 unseen horrors
  An efreet (D:15)
  3 tengu conjurers
  A tormentor (Depths:3)
  4 ice devils (Depths:1)
  3 polar bears
  A green draconian skeleton (Crypt:1)
  3 guardian mummies (Crypt:3)
  A harpy zombie (Crypt:1)
  6 trolls
  A polar bear (shapeshifter) (Spider:1)
  17 hornets
  8 tyrant leeches
  The ghost of leebro123 the Shield-Bearer, an amateur GnWn (D:4)
  A hornet (shapeshifter) (Elf:1)
  20 tarantellas
  2 harpy skeletons
  A dream sheep (Lair:5)
  12 blink frogs
  2 glass eyes
  An ettin zombie (Vaults:3)
  An ice dragon zombie (Crypt:1)
  28 jumping spiders
  Sigmund (D:3)
  18 culicivoras
  5 shadows
  51 slime creatures
  24 spriggans
  A ynoxinul (D:1)
  A black mamba skeleton (Crypt:1)
  9 water elementals
  15 wraiths
  An ushabti (Crypt:3)
  3 wyverns
  29 yaks
  7 air elementals
  6 fire dragon skeletons (Crypt:3)
  5 wargs
  9 fire elementals
  A hog (shapeshifter) (D:14)
  5 steam dragons
  16 humans (D:13)
  75 redbacks
  6 basilisks
  12 golden eyes
  11 vampire mosquitoes
  Menkaure (D:6)
  4 human zombies
  An acid dragon (D:11)
  8 hydra simulacra (Depths:1)
  8 water moccasins
  6 hell hounds
  15 swamp worms
  Duvessa (D:6)
  A human skeleton (Depths:3)
  A naga skeleton (Crypt:3)
  6 swamp drakes (Swamp:4)
  A meliai simulacrum (D:14)
  A glowing shapeshifter skeleton (Depths:3)
  27 orc warriors
  An ice beast (D:4)
  10 black bears
  8 boggarts
  6 ogres
  4 centaurs
  17 laughing skulls
  32 wolves
  A dream sheep skeleton (Crypt:2)
  2 phantoms
  2 kobold brigands
  18 bullfrogs
  2 gnoll sergeants
  2 scorpions
  Blork the orc (D:4)
  3 earth elementals
  3 necrophages
  2 burial acolytes (Ossuary)
  8 wights
  Dowan (D:6)
  A hornet simulacrum (Vaults:1)
  A wolf zombie (Crypt:2)
  6 howler monkeys
  7 electric eels
  A bombardier beetle (D:4)
  A centaur zombie (Ossuary)
  Crazy Yiuf (D:3)
  19 orc priests
  3 starcursed masses (Depths:2)
  A basilisk zombie (Crypt:1)
  2 gnoll boudas
  3 hounds
  3 jellies
  2 sleepcaps (D:6)
  3 iguanas
  23 orc wizards
  13 hell rats
  4 mummies (Crypt:3)
  Robin (D:2)
  21 gnolls
  A steam dragon zombie (Crypt:1)
  13 adders
  2 shadow imps
  2 white imps
  2 ufetubi (D:7)
  An iguana zombie (Crypt:1)
  A lava snake skeleton (Crypt:2)
  A dart slug (D:1)
  98 orcs
  2 bats
  6 endoplasms
  2 giant cockroaches
  16 goblins
  7 hobgoblins
  3 jackals (D:2)
  15 kobolds
  3 quokkas
  10 ball pythons
  A ball python skeleton (Ossuary)
  5 frilled lizards
  A hobgoblin zombie (Ossuary)
  A kobold zombie (D:6)
  4 orc skeletons
  3 orc zombies (Ossuary)
  5 rats
  A river rat zombie (Crypt:2)
2257 creatures vanquished.

Vanquished Creatures (collateral kills)
  2 orc knights (Orc:2)
  A hornet (Lair:5)
  A dream sheep (Lair:5)
  2 wights (D:8)
6 creatures vanquished.

Vanquished Creatures (others)
  A death cob (Zot:2)
  A draconian knight (Zot:5)
  An entropy weaver (Spider:2)
  A deep elf pyromancer (Elf:2)
  2 bloated husks (Swamp:2)
  A polar bear (Lair:5)
  4 dancing weapons
11 creatures vanquished.

Grand Total: 2274 creatures vanquished

Notes
Turn   | Place    | Note
-------+----------+-------------------------------------------
     0 | D:1      | EnegeticOcto the Kobold Enchanter began the quest for the
                  | Orb.
     0 | D:1      | Reached XP level 1. HP: 10/10 MP: 3/3
   520 | D:1      | Reached skill level 2 in Short Blades
   556 | D:1      | Reached skill level 1 in Fighting
   670 | D:1      | Reached XP level 2. HP: 16/16 MP: 5/5
   978 | D:1      | Learned a level 2 spell: Ensorcelled Hibernation
  1829 | D:2      | Reached XP level 3. HP: 20/20 MP: 3/6
  1892 | D:2      | Found Zidoa's Magic Scroll Shoppe.
  1898 | D:2      | Bought a scroll of teleportation for 39 gold pieces
  1898 | D:2      | Bought a scroll of identify for 26 gold pieces
  1898 | D:2      | Bought a scroll of identify for 26 gold pieces
  1898 | D:2      | Bought a scroll of noise for 13 gold pieces
  1934 | D:2      | Identified a scroll of acquirement
  1935 | D:2      | Acquired the +1 pair of gloves "Pyof" {rPois Str+4 Int+3}
  1959 | D:2      | Reached skill level 3 in Short Blades
  1960 | D:2      | Reached skill level 1 in Ice Magic
  1964 | D:2      | Learned a level 3 spell: Confusing Touch
  2192 | D:2      | Found the +5 robe of Misfortune {Harm *Corrode *Slow EV+5}
  2331 | D:2      | Bought a scroll of poison for 52 gold pieces
  2406 | D:2      | Reached XP level 4. HP: 25/25 MP: 7/7
  2541 | D:2      | Noticed Robin
  2811 | D:2      | Reached skill level 4 in Hexes
  3428 | D:2      | Killed Robin
  3530 | D:3      | Noticed Sigmund
  3536 | D:3      | Killed Sigmund
  3537 | D:3      | Reached skill level 2 in Fighting
  3537 | D:3      | Reached skill level 3 in Dodging
  3537 | D:3      | Reached XP level 5. HP: 31/31 MP: 3/8
  3537 | D:3      | Reached XP level 6. HP: 36/36 MP: 3/9
  3960 | D:3      | Learned a level 3 spell: Tukima's Dance
  4143 | D:2      | Bought a scroll of vulnerability for 52 gold pieces
  4245 | D:3      | Found a runed translucent door.
  4249 | D:3      | Noticed Crazy Yiuf
  4252 | D:3      | Killed Crazy Yiuf
  4253 | D:3      | Reached skill level 5 in Hexes
  4264 | D:3      | Identified the +4 hammer of the Sage {drain, Will+}
  4426 | D:3      | Reached skill level 4 in Dodging
  4646 | D:4      | Reached skill level 3 in Fighting
  4646 | D:4      | Reached XP level 7. HP: 41/41 MP: 3/10
  4699 | D:4      | Upgraded the game from 0.31-a0-1412-g7b7c7d10e1 to
                  | 0.31-a0-1439-g542172135e
  5377 | D:4      | Noticed Blork the orc
  5381 | D:4      | Killed Blork the orc
  5382 | D:4      | Reached skill level 4 in Short Blades
  5512 | D:4      | Reached skill level 3 in Spellcasting
  5576 | D:4      | Reached XP level 8. HP: 48/48 MP: 12/12
  5609 | D:4      | Reached skill level 5 in Stealth
  5782 | D:4      | Found a transporter.
  5804 | D:4      | Reached skill level 5 in Dodging
  5867 | D:4      | Found a transporter.
  5880 | D:4      | Reached skill level 4 in Fighting
  6069 | D:4      | Noticed leebro123's ghost (amateur GnWn)
  6132 | D:4      | You fall into a shaft and drop 2 floors!
  6209 | D:6      | Found a sand-covered staircase.
  6231 | Ossuary  | Entered an ossuary
  6712 | Ossuary  | Reached skill level 5 in Short Blades
  6880 | D:5      | Entered Level 5 of the Dungeon
  7186 | D:5      | Found Fomavud's Distillery.
  7189 | D:5      | Bought a potion of heal wounds for 70 gold pieces
  7334 | D:5      | Reached skill level 6 in Hexes
  7840 | D:5      | Reached skill level 6 in Stealth
  7899 | D:6      | Reached skill level 4 in Spellcasting
  7899 | D:6      | Reached XP level 9. HP: 52/52 MP: 13/15
  7921 | D:6      | Identified the +2 dagger of Ryoscha {spect, rC++ Will-
                  | rCorr Stlth+}
  8019 | D:6      | Reached skill level 5 in Fighting
  8126 | D:6      | Reached skill level 6 in Dodging
  8193 | D:5      | Bought a potion of berserk rage for 70 gold pieces
  8395 | D:6      | Reached skill level 6 in Short Blades
  8572 | D:6      | Noticed Duvessa
  8698 | D:6      | Noticed Menkaure
  8702 | D:6      | Killed Menkaure
  8892 | D:7      | Found Uhug's Weapon Emporium.
  8938 | D:7      | Reached skill level 7 in Stealth
  9076 | D:7      | Noticed a hornet
  9084 | D:7      | Killed a hornet
  9183 | D:7      | Found a staircase to the Ecumenical Temple.
  9189 | Temple   | Entered the Ecumenical Temple
  9199 | Temple   | Became a worshipper of Zin the Law-Giver
  9199 | Temple   | Reached * piety under Zin
  9244 | D:7      | Found an ornate altar of the Wu Jian Council.
  9397 | D:7      | Reached skill level 5 in Spellcasting
  9399 | D:7      | Reached XP level 10. HP: 60/60 MP: 12/17
  9414 | D:7      | Reached skill level 7 in Short Blades
  9418 | D:7      | Reached skill level 6 in Fighting
  9418 | D:7      | Reached skill level 7 in Dodging
  9561 | D:7      | Found an iron altar of Okawaru.
  9737 | D:7      | Reached ** piety under Zin
  9862 | D:8      | Reached skill level 8 in Stealth
  9862 | D:8      | Reached skill level 7 in Hexes
 10027 | D:8      | Reached skill level 1 in Evocations
 10121 | D:8      | Reached skill level 1 in Invocations
 10166 | D:8      | Found a glowing golden altar of the Shining One.
 10271 | D:8      | Reached skill level 2 in Ice Magic
 10276 | D:8      | Reached skill level 2 in Evocations
 10890 | D:8      | Reached skill level 2 in Invocations
 10995 | D:8      | Found a basalt altar of Yredelemnul.
 11006 | D:8      | Found a broken altar of Ashenzari.
 11075 | D:8      | Found a sacrificial altar of Ru.
 11565 | D:6      | Killed Duvessa
 11569 | D:6      | Noticed Dowan
 11574 | D:6      | Killed Dowan
 11665 | D:5      | Bought a potion of might for 56 gold pieces
 11763 | D:2      | Bought a scroll of revelation for 97 gold pieces
 11763 | D:2      | Bought a scroll of identify for 26 gold pieces
 11764 | D:2      | Bought a scroll of immolation for 52 gold pieces
 12356 | D:9      | Reached *** piety under Zin
 12423 | D:9      | Reached skill level 8 in Short Blades
 12423 | D:9      | Reached skill level 3 in Evocations
 12524 | D:9      | Identified the +5 ring mail "Plog" {rElec rN++ Str-2 Dex+3}
 12582 | D:9      | Noticed a two-headed ogre
 12588 | D:9      | Found an opulent altar of Gozag.
 12591 | D:9      | Killed a two-headed ogre
 12592 | D:9      | Reached skill level 7 in Fighting
 12592 | D:9      | Reached skill level 8 in Dodging
 12592 | D:9      | Reached skill level 3 in Ice Magic
 12592 | D:9      | Reached skill level 3 in Invocations
 12592 | D:9      | Reached XP level 11. HP: 61/67 MP: 14/19
 12678 | D:9      | Reached skill level 6 in Spellcasting
 13113 | D:10     | Entered Level 10 of the Dungeon
 13367 | D:10     | Found a staircase to the Orcish Mines.
 13528 | D:10     | Noticed a two-headed ogre
 13541 | D:10     | Reached skill level 4 in Evocations
 13793 | D:10     | Reached skill level 8 in Hexes
 13806 | D:10     | Reached skill level 4 in Invocations
 13981 | D:10     | Killed a two-headed ogre
 13982 | D:10     | Reached skill level 9 in Short Blades
 13982 | D:10     | Found a hazy altar of Hepliaklqana.
 14089 | D:10     | Found a bloodstained altar of Trog.
 14349 | D:10     | Reached **** piety under Zin
 14723 | D:11     | Reached skill level 1 in Shields
 15470 | D:11     | Found a staircase to the Lair.
 15556 | Lair:1   | Entered Level 1 of the Lair of Beasts
 15586 | Lair:1   | Reached skill level 8 in Fighting
 15586 | Lair:1   | Reached skill level 9 in Dodging
 15721 | Lair:1   | Reached skill level 2 in Shields
 15721 | Lair:1   | Reached skill level 5 in Invocations
 15721 | Lair:1   | Reached XP level 12. HP: 72/73 MP: 19/22
 15759 | Lair:1   | Reached skill level 7 in Spellcasting
 16238 | Lair:1   | Found a shimmering altar of Xom.
 16317 | Lair:1   | Reached skill level 10 in Short Blades
 16954 | Lair:2   | Reached skill level 3 in Shields
 16962 | Lair:2   | Reached skill level 6 in Invocations
 16970 | Lair:2   | Reached skill level 1 in Armour
 17035 | Lair:2   | Reached skill level 10 in Dodging
 17043 | Lair:2   | Noticed a skyshark
 17043 | Lair:2   | Noticed Gastronok
 17049 | Lair:2   | Killed a skyshark
 17222 | Lair:2   | Reached skill level 2 in Armour
 17307 | Lair:2   | Killed Gastronok
 17308 | Lair:2   | Reached skill level 8 in Spellcasting
 17319 | Lair:2   | Reached skill level 4 in Shields
 17484 | Lair:2   | Noticed a skyshark
 17487 | Lair:2   | Killed a skyshark
 17488 | Lair:2   | Reached skill level 5 in Evocations
 17508 | Lair:2   | Reached XP level 13. HP: 78/78 MP: 20/25
 17583 | Lair:2   | Found a hole to the Spider Nest.
 17588 | Lair:2   | Reached skill level 9 in Stealth
 18713 | Lair:3   | Reached skill level 3 in Armour
 18713 | Lair:3   | Reached skill level 7 in Invocations
 19045 | Lair:3   | Reached skill level 6 in Evocations
 19192 | Lair:3   | Reached ***** piety under Zin
 19340 | Lair:3   | Reached skill level 10 in Stealth
 19523 | Lair:3   | Reached skill level 5 in Shields
 19654 | Lair:3   | Noticed a four-headed hydra
 19658 | Lair:3   | Killed a four-headed hydra
 19832 | Lair:3   | Reached skill level 4 in Armour
 19839 | Lair:3   | Noticed a seven-headed hydra
 19846 | Lair:3   | Killed a seven-headed hydra
 19847 | Lair:3   | Reached skill level 8 in Invocations
 19897 | Lair:3   | Noticed a seven-headed hydra
 19900 | Lair:3   | Found a staircase to the Swamp.
 19901 | Lair:3   | Killed a seven-headed hydra
 20099 | Lair:4   | Found a viscous altar of Jiyva.
 20100 | Lair:4   | Found a staircase to the Slime Pits.
 20210 | Lair:4   | Noticed a five-headed hydra
 20214 | Lair:4   | Killed a five-headed hydra
 20317 | Lair:4   | Reached skill level 11 in Stealth
 20563 | Lair:4   | Noticed a seven-headed hydra
 20567 | Lair:4   | Killed a seven-headed hydra
 20806 | Lair:5   | Entered Level 5 of the Lair of Beasts
 20867 | Lair:5   | Noticed a six-headed hydra
 20877 | Lair:5   | Killed a six-headed hydra
 20878 | Lair:5   | Reached skill level 5 in Armour
 20885 | Lair:5   | Reached skill level 6 in Shields
 21056 | Lair:5   | Reached XP level 14. HP: 84/84 MP: 26/26
 21195 | Lair:5   | Reached skill level 9 in Invocations
 21287 | Lair:5   | Reached skill level 12 in Stealth
 21819 | Lair:5   | Reached skill level 6 in Armour
 21850 | Lair:5   | Reached skill level 10 in Invocations
 21865 | Lair:5   | Reached skill level 13 in Stealth
 22223 | Lair:5   | Reached skill level 11 in Invocations
 22737 | Lair:5   | Reached skill level 12 in Invocations
 23411 | Orc:1    | Entered Level 1 of the Orcish Mines
 23464 | Orc:2    | Entered Level 2 of the Orcish Mines
 23599 | Orc:2    | Found Noho's Book Shop.
 23612 | Orc:2    | Found a gate leading to a gauntlet.
 23618 | Gauntlet | Entered a Gauntlet
 23618 | Gauntlet | Found a transporter.
 23625 | Gauntlet | Found a transporter.
 23629 | Gauntlet | Found a runed translucent door.
 23637 | Gauntlet | Found a large runed translucent door.
 23638 | Gauntlet | Found a large runed translucent door.
 23639 | Gauntlet | Found a large runed translucent door.
 23639 | Gauntlet | Found a large runed translucent door.
 23640 | Gauntlet | Found a large runed translucent door.
 23641 | Gauntlet | Found a large runed translucent door.
 23642 | Gauntlet | Found a large runed translucent door.
 23642 | Gauntlet | Found a large runed translucent door.
 23644 | Gauntlet | Found a transporter.
 23652 | Gauntlet | Found a runed translucent gate.
 23653 | Gauntlet | Found a transporter.
 23653 | Gauntlet | Found a runed translucent gate.
 23654 | Gauntlet | Found a runed translucent gate.
 23665 | Gauntlet | Found a large runed translucent door.
 23665 | Gauntlet | Found a large runed translucent door.
 23668 | Gauntlet | Found a large runed translucent door.
 23668 | Gauntlet | Found a large runed translucent door.
 23696 | Gauntlet | Found a runed translucent door.
 23706 | Gauntlet | Found a transporter.
 23706 | Gauntlet | Found a transporter.
 23706 | Gauntlet | Found a large runed translucent door.
 23742 | Gauntlet | Found a transporter.
 23770 | Gauntlet | Found a transporter.
 23854 | Gauntlet | Found a transporter.
 23854 | Gauntlet | Found a transporter.
 23854 | Gauntlet | Noticed a reaper
 23890 | Gauntlet | Found a transporter.
 23890 | Gauntlet | Found a transporter.
 23929 | Gauntlet | Found a runed translucent door.
 23953 | Gauntlet | Found a large runed translucent door.
 23954 | Gauntlet | Found a large runed translucent door.
 23956 | Gauntlet | Found a large runed translucent door.
 23963 | Gauntlet | Found a runed translucent door.
 23986 | Gauntlet | Identified the +0 pair of boots of an ossuary {Harm}
 24158 | Gauntlet | Noticed a minotaur
 24172 | Gauntlet | Killed a minotaur
 24204 | Gauntlet | Got the Verses on Formation
 24260 | Orc:2    | Reached ****** piety under Zin
 24801 | Orc:2    | Found a staircase to the Elven Halls.
 24996 | Orc:2    | Reached XP level 15. HP: 89/89 MP: 24/27
 25955 | Orc:2    | Reached skill level 11 in Short Blades
 25956 | Orc:2    | Reached skill level 9 in Fighting
 25978 | Orc:2    | Reached skill level 11 in Dodging
 26057 | Orc:2    | Found Mailaf's Antique Weapon Emporium.
 26058 | Orc:2    | Found Hiyqoku's Antique Armour Boutique.
 26062 | Orc:2    | Bought a steaming short sword for 216 gold pieces
 26062 | Orc:2    | Identified the +7 short sword of Destiny {elec, Int+2} (You
                  | bought it in a shop on level 2 of the Orcish Mines)
 26074 | Orc:2    | Found Nexkomos's Antique Armour Boutique.
 26076 | Orc:2    | Found Vek Zuom's Book Emporium.
 26079 | Orc:2    | Bought an ichor-stained cloak for 256 gold pieces
 26079 | Orc:2    | Identified the +2 cloak of the Crushed Teeth {rPois Int+4}
                  | (You bought it in a shop on level 2 of the Orcish Mines)
 26107 | Orc:2    | Bought a bloodstained troll leather armour for 500 gold
                  | pieces
 26107 | Orc:2    | Identified the +3 troll leather armour "Liojics" {rElec
                  | Will++ Regen+} (You bought it in a shop on level 2 of the
                  | Orcish Mines)
 26167 | Orc:2    | Learned a level 7 spell: Enfeeble
 26339 | Orc:1    | Found a runed translucent door.
 26368 | Orc:1    | Found a transporter.
 26371 | Orc:1    | Noticed topfpfpflanze's ghost (novice FeAE)
 26398 | Orc:1    | Found a transporter.
 26494 | Orc:1    | Found a runed translucent door.
 26536 | Orc:1    | Found Kociw's Book Boutique.
 27070 | D:12     | Found Satsaef's Book Shop.
 27217 | D:12     | Noticed Josephine
 27220 | D:12     | Killed Josephine
 27221 | D:12     | Reached skill level 7 in Shields
 27722 | D:12     | Learned a level 3 spell: Ozocubu's Armour
 27726 | D:12     | Learned a level 3 spell: Swiftness
 27756 | D:13     | Noticed Rupert
 27756 | D:13     | Noticed Nessos
 27756 | D:13     | Found a gate to the Vaults.
 27887 | D:13     | Killed Rupert
 27897 | D:13     | Killed Nessos
 27898 | D:13     | Reached skill level 1 in Air Magic
 29372 | D:14     | Reached skill level 2 in Air Magic
 29503 | D:14     | Reached XP level 16. HP: 97/97 MP: 28/28
 30079 | D:14     | Reached skill level 4 in Ice Magic
 30252 | D:14     | Reached skill level 12 in Short Blades
 30361 | D:14     | Reached skill level 10 in Fighting
 30375 | D:14     | Reached skill level 14 in Stealth
 31082 | D:15     | Entered Level 15 of the Dungeon
 31170 | D:15     | Reached skill level 12 in Dodging
 31375 | D:15     | Reached skill level 3 in Air Magic
 31430 | D:15     | Acquired 371 gold pieces
 31697 | D:15     | Found a staircase to the Depths.
 31705 | D:15     | Learned a level 4 spell: Cause Fear
 31709 | D:15     | Noticed an emperor scorpion
 31711 | D:15     | Killed an emperor scorpion
 31844 | D:15     | Found a shimmering altar of Xom.
 32253 | D:4      | Killed leebro123's ghost
 32494 | Spider:1 | Entered Level 1 of the Spider Nest
 32700 | Spider:1 | Reached skill level 12 in Fighting
 32700 | Spider:1 | Reached XP level 17. HP: 106/106 MP: 29/29
 32993 | Spider:1 | Reached skill level 5 in Ice Magic
 33267 | Spider:1 | Reached skill level 13 in Invocations
 33314 | Spider:1 | Reached skill level 8 in Shields
 33689 | Spider:2 | Reached skill level 4 in Air Magic
 33964 | Spider:2 | Reached XP level 18. HP: 112/112 MP: 30/30
 34174 | Spider:2 | Found a transporter.
 34175 | Spider:2 | Noticed ProfCupcake's ghost (journeyman SpHu)
 34217 | Spider:2 | Found a transporter.
 34229 | Spider:2 | Reached skill level 13 in Short Blades
 34454 | Spider:2 | Reached skill level 15 in Stealth
 34649 | Spider:2 | Killed ProfCupcake's ghost
 34656 | Spider:2 | Identified the ring "Yjerenos" {+Blink rF+ rN++ MP+9 SInv}
 35602 | Spider:3 | Reached skill level 9 in Hexes
 35740 | Spider:4 | Entered Level 4 of the Spider Nest
 35765 | Spider:4 | Reached skill level 6 in Ice Magic
 35829 | Spider:4 | Reached skill level 5 in Air Magic
 36140 | Spider:4 | Reached skill level 13 in Dodging
 36366 | Spider:4 | Identified the ring of Wor Suth {rC+ Will+ Int-2 Dex+5}
 36750 | Spider:4 | Reached skill level 7 in Evocations
 37828 | Spider:4 | Reached skill level 13 in Fighting
 38110 | Spider:4 | Reached XP level 19. HP: 119/119 MP: 31/31
 38237 | Spider:4 | Got a gossamer rune of Zot
 38914 | Swamp:1  | Entered Level 1 of the Swamp
 39327 | Swamp:1  | Found a runed translucent door.
 40193 | Orc:1    | Bought a book of the Moon for 640 gold pieces
 40193 | Orc:1    | Bought the Monograph on the Lithosphere for 480 gold pieces
 40197 | Orc:1    | Learned a level 3 spell: Passwall
 40528 | Swamp:1  | Reached skill level 6 in Air Magic
 40641 | Swamp:1  | Reached skill level 14 in Short Blades
 40655 | Swamp:1  | Identified the ring "Siat Ram" {rC+ rN+}
 40663 | Swamp:1  | Reached skill level 7 in Ice Magic
 40666 | Swamp:1  | Reached skill level 1 in Earth Magic
 40666 | Swamp:1  | Identified the +1 glaive "Zenabo" {elec, MP-9 Int+2 SInv}
 40666 | Swamp:1  | Noticed Nikola
 40676 | Swamp:1  | Killed Nikola
 40677 | Swamp:1  | Reached skill level 16 in Stealth
 40957 | Swamp:2  | Reached skill level 14 in Invocations
 41061 | Swamp:2  | Reached skill level 8 in Evocations
 41416 | Swamp:2  | Found a runed translucent gate.
 41419 | Swamp:2  | Found a runed translucent gate.
 41419 | Swamp:2  | Found a runed translucent gate.
 41421 | Swamp:2  | Noticed Pimul's ghost (adept GrBe)
 41439 | Swamp:2  | Killed Pimul's ghost
 41440 | Swamp:2  | Reached skill level 2 in Earth Magic
 41542 | Swamp:3  | Reached skill level 10 in Hexes
 41649 | Swamp:3  | Noticed Donald
 41657 | Swamp:3  | Killed Donald
 42061 | Swamp:4  | Entered Level 4 of the Swamp
 42589 | Swamp:4  | Reached skill level 14 in Dodging
 42594 | Swamp:4  | Reached skill level 3 in Earth Magic
 42778 | Swamp:4  | Reached XP level 20. HP: 109/126 MP: 20/32
 42816 | Swamp:4  | Noticed the 27-headed Lernaean hydra
 42823 | Swamp:4  | Killed the 27-headed Lernaean hydra
 42824 | Swamp:4  | Reached skill level 9 in Evocations
 42986 | Swamp:4  | Got a decaying rune of Zot
 43364 | Elf:1    | Entered Level 1 of the Elven Halls
 43406 | Orc:2    | Learned a level 5 spell: Silence
 43409 | Orc:2    | Learned a level 2 spell: Blink
 43441 | Elf:1    | Reached skill level 8 in Ice Magic
 44160 | Elf:1    | Reached skill level 4 in Earth Magic
 44388 | Elf:1    | Noticed Azrael
 44429 | Elf:1    | Killed Azrael
 44430 | Elf:1    | Reached skill level 14 in Fighting
 44455 | Elf:1    | Found a huge runed translucent gate.
 44457 | Elf:1    | Found a huge runed translucent gate.
 44457 | Elf:1    | Found a huge runed translucent gate.
 44457 | Elf:1    | Found a huge runed translucent gate.
 44457 | Elf:1    | Found a huge runed translucent gate.
 44460 | Elf:1    | Found a huge runed translucent gate.
 44460 | Elf:1    | Found a huge runed translucent gate.
 44460 | Elf:1    | Found a huge runed translucent gate.
 44460 | Elf:1    | Found a huge runed translucent gate.
 44460 | Elf:1    | Found a huge runed translucent gate.
 44461 | Elf:1    | Found a huge runed translucent gate.
 44461 | Elf:1    | Found a huge runed translucent gate.
 44462 | Elf:1    | Found a huge runed translucent gate.
 44462 | Elf:1    | Found a huge runed translucent gate.
 44462 | Elf:1    | Found a huge runed translucent gate.
 44462 | Elf:1    | Found a huge runed translucent gate.
 44536 | Elf:1    | Found a huge runed translucent gate.
 44537 | Elf:1    | Found a huge runed translucent gate.
 44538 | Elf:1    | Found a huge runed translucent gate.
 44539 | Elf:1    | Found a huge runed translucent gate.
 45235 | Elf:2    | Found Rubo's Antique Armour Shop.
 45750 | Elf:2    | Reached skill level 11 in Hexes
 45806 | Elf:2    | Reached skill level 5 in Earth Magic
 46002 | Elf:2    | Found a runed translucent gate.
 46009 | Elf:2    | Found a runed translucent gate.
 46009 | Elf:2    | Found a runed translucent gate.
 46121 | Elf:3    | Entered Level 3 of the Elven Halls
 46139 | Elf:3    | Paralysed by an air elemental for 1 turns
 46191 | Elf:3    | Reached skill level 10 in Evocations
 46301 | Elf:3    | Reached skill level 7 in Air Magic
 46766 | Elf:3    | Paralysed by an air elemental for 1 turns
 46947 | Elf:3    | Reached skill level 15 in Invocations
 46954 | Elf:3    | Reached skill level 15 in Dodging
 46964 | Elf:3    | Reached skill level 9 in Spellcasting
 46967 | Elf:3    | Reached XP level 21. HP: 132/132 MP: 26/34
 47044 | Elf:3    | Identified the +3 leather armour of Absence {rElec}
 47044 | Elf:3    | Identified the ring "Ecarut" {rPois Str+6 Slay+4}
 47717 | Elf:3    | Identified the +11 trident "Raunn" {heavy, MP+9 Str+4}
 48094 | Elf:3    | Identified the +1 cloak of Least Resistance {rPois rC+
                  | Str+6}
 48496 | Vaults:1 | Entered Level 1 of the Vaults
 48608 | Vaults:1 | Reached skill level 6 in Earth Magic
 48969 | Vaults:1 | Reached skill level 15 in Fighting
 49111 | Vaults:1 | Reached skill level 8 in Air Magic
 50046 | Vaults:1 | Reached skill level 12 in Hexes
 50412 | Vaults:2 | Reached skill level 10 in Spellcasting
 50437 | Vaults:2 | Reached skill level 7 in Earth Magic
 50648 | Vaults:2 | Reached skill level 16 in Dodging
 50713 | Vaults:2 | Reached XP level 22. HP: 141/141 MP: 36/36
 50746 | Vaults:2 | Reached skill level 16 in Fighting
 51235 | Vaults:2 | Identified the +6 mace of Daetutat {drain, Will+ Int+5}
 51312 | Vaults:2 | Reached skill level 9 in Air Magic
 51590 | Vaults:2 | Acquired the orb of Hopscotch {guile, rC+}
 51845 | Vaults:3 | Reached skill level 8 in Earth Magic
 51855 | Vaults:3 | Reached skill level 15 in Short Blades
 52092 | Vaults:3 | Found Muhauck's Antique Armour Boutique.
 52107 | Vaults:3 | Bought a pair of runed gloves for 187 gold pieces
 52221 | Vaults:3 | You fall into a shaft and drop 1 floor!
 52489 | Vaults:4 | Found Rasoy's Spherical Supermarket.
 52500 | Vaults:4 | Reached skill level 17 in Fighting
 52501 | Vaults:4 | Reached skill level 11 in Spellcasting
 52564 | Vaults:4 | Bought the orb of Reridd {guile, Str-2 Dex+3 Alchemy} for
                  | 539 gold pieces
 53134 | Vaults:4 | Identified the +6 war axe of Imbalance {pain, *Rage rPois
                  | Int+2 Stlth+}
 53302 | Vaults:4 | Found a transporter.
 53315 | Vaults:4 | Found a transporter.
 53345 | Vaults:4 | Noticed Dacon's ghost (adept MiGl)
 53482 | Vaults:3 | Reached skill level 13 in Hexes
 53726 | Vaults:3 | Found Ofaaph's Jewellery Boutique.
 53734 | Vaults:3 | Reached XP level 23. HP: 149/150 MP: 38/38
 54104 | Vaults:3 | Reached skill level 17 in Dodging
 54145 | Vaults:3 | Found a staircase to the Crypt.
 54145 | Vaults:3 | Found a basalt altar of Yredelemnul.
 54145 | Vaults:3 | Found an ancient bone altar of Kikubaaqudgha.
 54286 | Vaults:3 | Found a runed gate.
 54286 | Vaults:3 | Found a runed gate.
 54286 | Vaults:3 | Found a runed gate.
 54589 | Slime:1  | Entered Level 1 of the Pits of Slime
 55149 | Depths:1 | Entered Level 1 of the Depths
 55149 | Depths:1 | Found a one-way gateway to a ziggurat.
 55174 | Depths:1 | Reached skill level 16 in Short Blades
 55341 | Depths:1 | Reached skill level 18 in Fighting
 55546 | Depths:1 | Reached skill level 11 in Evocations
 55670 | Depths:1 | Noticed Mara
 55675 | Depths:1 | Killed Mara
 56001 | Depths:1 | Reached skill level 12 in Spellcasting
 56408 | Depths:1 | Found a gateway to Hell.
 56871 | Depths:1 | Noticed a juggernaut
 57609 | Depths:2 | Found a one-way gate leading to the halls of Pandemonium.
 58038 | Depths:2 | Found Pejoz's Jewellery Shop.
 58060 | Depths:2 | Reached skill level 12 in Evocations
 58211 | Depths:2 | Found a transporter.
 58212 | Depths:2 | Found a transporter.
 58216 | Depths:2 | Found a corrupted altar of Lugonu.
 58260 | Depths:2 | Reached skill level 19 in Fighting
 58268 | Depths:2 | Reached skill level 14 in Hexes
 58271 | Depths:2 | Reached XP level 24. HP: 145/160 MP: 39/39
 58282 | Depths:2 | Paralysed by accursed screaming for 1 turns
 58286 | Depths:2 | Reached skill level 17 in Short Blades
 58302 | Depths:2 | Identified the +0 scimitar "Juth" {venom, rElec rPois}
 58330 | Depths:2 | Identified the amulet "Siajar" {Faith Dex+2}
 58398 | Depths:3 | Reached skill level 18 in Dodging
 58446 | Depths:3 | Noticed a golden dragon
 58452 | Depths:3 | Killed a golden dragon
 59141 | Depths:3 | Found the +5 demon whip "Spellbinder" {antimagic, disrupt,
                  | Will+}
 59523 | Depths:3 | Reached skill level 13 in Evocations
 59577 | Depths:3 | Identified the amulet of Hirhyvig {Spirit rCorr Int+5}
 59606 | Depths:3 | Found a one-way gate to the infinite horrors of the Abyss.
 59682 | Depths:3 | Found Ufomnus Dene's Distillery.
 59696 | Depths:3 | Bought a potion of might for 48 gold pieces
 59696 | Depths:3 | Bought a potion of curing for 36 gold pieces
 59696 | Depths:3 | Bought a potion of cancellation for 96 gold pieces
 59696 | Depths:3 | Bought a potion of brilliance for 48 gold pieces
 59696 | Depths:3 | Bought a potion of curing for 36 gold pieces
 59696 | Depths:3 | Bought a potion of resistance for 120 gold pieces
 59696 | Depths:3 | Bought a potion of invisibility for 96 gold pieces
 59758 | Depths:3 | Reached skill level 20 in Fighting
 60237 | Depths:4 | Entered Level 4 of the Depths
 60321 | Depths:4 | Reached skill level 18 in Short Blades
 60342 | Depths:4 | Noticed Margery
 60450 | Depths:4 | Killed Margery
 60633 | Depths:4 | Reached skill level 15 in Hexes
 60761 | Depths:4 | Reached skill level 19 in Dodging
 61037 | Depths:4 | Noticed Xtahua
 61044 | Depths:4 | Killed Xtahua
 61064 | Depths:4 | Reached XP level 25. HP: 159/168 MP: 39/39
 61293 | Depths:4 | Found a gate to the Realm of Zot.
 61715 | Crypt:1  | Entered Level 1 of the Crypt
 61734 | Crypt:1  | Noticed Vv
 61808 | Crypt:1  | Noticed Bai Suzhen
 61824 | Vaults:3 | Killed Bai Suzhen
 61825 | Vaults:3 | Reached skill level 19 in Short Blades
 61917 | Crypt:1  | Killed Vv
 62853 | Crypt:2  | Noticed Sojobo
 62872 | Crypt:2  | Killed Sojobo
 62873 | Crypt:2  | Reached skill level 20 in Dodging
 62873 | Crypt:2  | Reached skill level 16 in Hexes
 63488 | Crypt:2  | Reached skill level 20 in Short Blades
 64561 | Crypt:3  | Entered Level 3 of the Crypt
 64835 | Crypt:3  | Reached skill level 17 in Hexes
 65059 | Crypt:3  | Reached skill level 21 in Short Blades
 65059 | Crypt:3  | Reached XP level 26. HP: 174/174 MP: 39/39
 65478 | Crypt:3  | Identified the ring of Accord {rF- rN+ Dex+6}
 65483 | Crypt:3  | Got Ixunif's Precepts of the Icicle
 66161 | Crypt:3  | Noticed a dread lich
 66189 | Crypt:3  | Killed a dread lich
 66273 | Crypt:3  | Found a staircase to the Tomb.
 66306 | Crypt:3  | Noticed a dread lich
 66326 | Crypt:3  | Killed a dread lich
 66331 | Crypt:3  | Identified the ring "Ihunum" {Ice rElec rPois}
 66813 | Vaults:4 | Noticed Forgeling's ghost (adept FeEn)
 66845 | Vaults:4 | Noticed Bidatih's ghost (adept MiBe)
 66944 | Vaults:5 | Entered Level 5 of the Vaults
 67121 | Vaults:5 | Identified the +8 quarterstaff "Cekun" {venom, Str+3}
 67428 | Vaults:5 | Reached skill level 22 in Short Blades
 67477 | Vaults:5 | Noticed an ancient lich
 67511 | Vaults:5 | Killed an ancient lich
 67512 | Vaults:5 | Reached skill level 18 in Hexes
 68487 | Vaults:5 | Reached skill level 21 in Fighting
 68636 | Vaults:5 | Identified the +7 shortbow "Kucejik" {freeze, Int+3 Dex+3}
 68766 | Vaults:5 | Got a silver rune of Zot
 69060 | Vaults:5 | Identified the +5 executioner's axe of the New World
                  | {protect, rF+ Int+4}
 69060 | Vaults:5 | Identified the +1 leather armour of Poinokik {rF+ Regen+}
 69264 | Vaults:5 | Reached skill level 23 in Short Blades
 69515 | Vaults:5 | Reached XP level 27. HP: 184/184 MP: 39/39
 69554 | Vaults:5 | Reached skill level 22 in Fighting
 70092 | Vaults:5 | Identified the +4 rapier of Woe {flame, *Noise rElec rCorr
                  | Stlth+}
 71460 | Zot:1    | Entered Level 1 of the Realm of Zot
 71658 | Zot:1    | Found an opulent altar of Gozag.
 71685 | Zot:1    | Reached skill level 19 in Hexes
 72600 | Zot:2    | Reached skill level 24 in Short Blades
 73906 | Zot:3    | Reached skill level 20 in Hexes
 73996 | Zot:3    | Reached skill level 25 in Short Blades
 74845 | Zot:3    | Reached skill level 26 in Short Blades
 75014 | Zot:3    | Noticed an orb of fire
 75041 | Zot:3    | Killed an orb of fire
 75055 | Zot:3    | Noticed a Killer Klown
 75057 | Zot:3    | Killed a Killer Klown
 75347 | Zot:3    | Noticed a Killer Klown
 75352 | Zot:3    | Killed a Killer Klown
 75799 | Zot:4    | Reached skill level 27 in Short Blades
 76745 | Zot:5    | Entered Level 5 of the Realm of Zot
 77116 | Zot:4    | Reached skill level 23 in Fighting
 77608 | Zot:5    | Reached skill level 21 in Dodging
 78342 | Zot:5    | Noticed an orb of fire
 78370 | Zot:5    | Killed an orb of fire
 78501 | Zot:5    | Noticed a Killer Klown
 78509 | Zot:5    | Reached skill level 24 in Fighting
 78519 | Zot:5    | Noticed an ancient lich
 78521 | Zot:5    | Killed a Killer Klown
 78544 | Zot:5    | Killed an ancient lich
 78716 | Zot:5    | Reached skill level 22 in Dodging
 78816 | Zot:5    | Got the Orb of Zot
 79152 | D:11     | Noticed Xumiq the pandemonium lord
 79408 | D:$      | Escaped with the Orb!

Illustrated notes

Levels and vault maps discovered:
D:1:      co_arrival_random_square_maze, layout_loops_ring,
          minmay_misc_feat_rugged
D:2:      layout_basic, serial_shops, nicolae_shop_tiny_glass, feat_on_display,
          uniq_robin
D:3:      layout_basic, chequers_serial_rivers_marsh, minmay_pentomino_pile,
          uniq_crazy_yiuf_cottage, uniq_sigmund
D:4:      layout_layer_cave, gammafunk_ghost_arena, kennysheep_generic_room_13,
          uniq_blork_the_orc
D:5:      layout_loops_ring, serial_shops, kennysheep_mini
D:6:      layout_cave_pods, enter_ossuary_3, grunt_ministairs_11, uniq_menkaure,
          uniq_duvessa
D:7:      layout_rooms, okawaru_ov_weapons_minmay,
          nicolae_overflow_crystal_walls, minmay_temple_entry_hall,
          serial_shops, shop_coins, minmay_fractal_squares_gapless_5
D:8:      layout_basic, mainiacjoe_overflow_surrounded_room,
          mainiacjoe_overflow_cross_hatched, amethyst_overflow_temple_binary
D:9:      layout_rooms, nicolae_gozag_seed_capital, serial_rivers,
          chequers_serial_rivers_small_b, chequers_serial_rivers_micro_e,
          chequers_serial_rivers_marsh, chequers_serial_rivers_large_b,
          chequers_serial_rivers_micro_b, chequers_serial_rivers_micro_e
D:10:     layout_basic, mainiacjoe_overflow_concentric_impassable,
          kennysheep_mini_moat, david_orc_3, special_room [special_room_orc]
D:11:     layout_long_grid, lair_entry_dummy, nicolae_zig_zag_zippers
D:12:     layout_loops_cross, serial_shops, nicolae_take_the_stairs,
          uniq_josephine
D:13:     layout_loops_cross, david_vaults_3
D:14:     layout_gridville, abandoned_shop, minivault_28
D:15:     hangedman_depths_entry_try_elsewhere_first, layout_loops_ring,
          xom_redecorated
Temple:   nicolae_temple_bog_church
Lair:1:   layout_regular_city, basic_altar, serial_bayou, serial_bayou_pond_b,
          serial_bayou_lake_a, serial_bayou_pond_c, serial_bayou_pond_e,
          infiniplex_staircase_pool_2
Lair:2:   layout_hall_layers, spider_nest_entry_funnel_web, worms_lemuel,
          uniq_gastronok
Lair:3:   layout_layer_cave, palyth_hydra_swamp_entry, columned_hall_lemuel,
          nicolae_lair_lil_pond, lemuel_fruit_tree
Lair:4:   layout_misc_corridors, slime_entry_1
Lair:5:   minmay_lair_end_enchanted_forest, layout_cellular_growth,
          grunt_forest_large_clearings
Swamp:1:  gammafunk_mikee_crab_dinner, layout_basic_swamp, serial_swamp_ruin,
          evilmike_swamp_ruin_house_5, evilmike_swamp_ruin_rubble_1,
          swamp_pool_3, uniq_nikola
Swamp:2:  layout_basic_swamp, ebering_ghost_rock_garden,
          evilmike_swamp_ruin_house_1
Swamp:3:  layout_basic_swamp, evilmike_swamp_ruin_wall, uniq_donald
Swamp:4:  swamp_old_school, layout_basic_swamp
Spider:1: layout_spider_delve, hellmonk_deceptive_appearances
Spider:2: nicolae_spider_mines_1, gammafunk_ghost_arena
Spider:3: layout_spider_delve
Spider:4: hellmonk_spider_rune_bug_friends
Slime:1:  layout_caves, cheibrodos_slime_lost_civilization_5
Slime:2:  layout_caves
Orc:1:    layout_diamond_mine, gammafunk_ghost_stat_death, serial_shops, shop,
          chequers_guarded_unrand_ignorance
Orc:2:    st_orc_elflike, layout_caves, serial_shops,
          nicolae_shop_window_shopping, gauntlet_entry_generic,
          minmay_orc_barracks
Elf:1:    layout_loops_corners, hangedman_elf_represent, uniq_azrael
Elf:2:    nicolae_elf_blades_crystal_corner, layout_gridlike, serial_shops,
          nicolae_stop_n_shop_2, uniq_agnes, uniq_louise
Elf:3:    elf_hall_gauntlet_wide, layout_rooms, grunt_megastairs_4
Vaults:1: vaults_mumra_minichess, nooodl_orcs_dogs,
          nicolae_vaults_surprise_closet, vaults_room_ringed_pool,
          nicolae_vaults_little_squares_1, nicolae_vaults_wrenched,
          nicolae_vaults_theta, v_misc_15, nicolae_vaults_six-pack, v_misc_33,
          nicolae_vaults_turnstiles, ontoclasm_vaults_loading_screen,
          ontoclasm_vaults_decontamination, ontoclasm_vaults_gateway,
          grunt_vaults_hallway_short, layout_vaults_ring
Vaults:2: nicolae_vaults_corridor_and_loot_room, hangedman_vaults_nodes,
          v_misc_19, hangedman_vaults_nails, vaults_room_stairs_pillars,
          nicolae_vaults_offset_grid_hallway_2,
          nicolae_vaults_twisting_passages, hangedman_vaults_stitches,
          vaults_room_semicircle, nicolae_vaults_house_3,
          nicolae_vaults_circle_grid_a, hangedman_vaults_impose,
          nicolae_vaults_tetromino_T_1, hangedman_vaults_unwind,
          nicolae_vaults_network_square, layout_vaults_maze_bifur
Vaults:3: minmay_crypt_entry_necro_gods, v_rooms_3, v_pattern_4,
          abrahamwl_protected_by_tso_2, ontoclasm_vaults_ring_square,
          nicolae_vaults_house_3, nicolae_vaults_hallways_thing, v_misc_1,
          vaults_room_pools, vaults_mumra_hex, nicolae_vaults_apartment_2,
          nicolae_vaults_diamond_2, layout_vaults_omnicross, serial_shops,
          nicolae_shop_peninsula, shop
Vaults:4: nzn_ghost_randoct, tekkud_shop_of_orbs, nicolae_vaults_tangram_1,
          nicolae_vaults_storage_room_statues, vaults_mumra_hexcomb, v_misc_8,
          grunt_vaults_diagonal, v_misc_27, serial_library_hellmonk_semicircle,
          serial_ice_g, layout_vaults_big_room
Vaults:5: serial_shops
Crypt:1:  layout_chaotic_city, uniq_vv, uniq_bai_suzhen
Crypt:2:  layout_basic, grunt_megastairs_2, uniq_sojobo
Crypt:3:  quadcrypt_mu
Depths:1: cheibrodos_hall_of_evolution, layout_gridville, enter_ziggurat_e,
          serial_rivers, chequers_serial_rivers_micro_d,
          chequers_serial_rivers_micro_e, chequers_serial_rivers_micro_c,
          chequers_serial_rivers_marsh, chequers_serial_rivers_micro_c,
          pf_coc_iceberg, minmay_fire_ice_demons, uniq_mara
Depths:2: gammafunk_corrupted_shrine, layout_gridlike, serial_shops,
          nicolae_shop_tiny_real_fake_doors, grunt_pan_entry_sceptre,
          hell_entry, grunt_decor_one_mirror
Depths:3: minmay_skeleton_keep, layout_gridlike, abyss_entry_glasseish,
          rand_demon_pan_entry_9, serial_shops, nicolae_shop_industrial_runoff,
          hell_entry, minmay_misc_feat_chi, nicolae_letterblocks
          [nicolae_letter_subblock, nicolae_letter_subblock,
          nicolae_letter_subblock, nicolae_letter_subblock,
          nicolae_letter_subblock, nicolae_letter_subblock,
          nicolae_letter_subblock, nicolae_letter_subblock,
          nicolae_letter_subblock, nicolae_letter_subblock,
          nicolae_letter_subblock, nicolae_letter_subblock,
          nicolae_letter_subblock, nicolae_letter_subblock,
          nicolae_letter_subblock, nicolae_letter_subblock,
          nicolae_letter_subblock, nicolae_letter_subblock,
          nicolae_letter_subblock, nicolae_letter_subblock,
          nicolae_letter_subblock, nicolae_letter_subblock,
          nicolae_letter_subblock, nicolae_letter_subblock,
          nicolae_letter_subblock], infiniplex_staircase_9_rooms
Depths:4: grunt_zot_entry_pinwheel, layout_basic, minmay_misc_feat_room,
          hell_entry, abyss_entry, uniq_xtahua, uniq_margery
Zot:1:    layout_gridlike, regret_index_zot_stipple_split,
          regret_index_zotdec_silver_v_v_orig_slice
Zot:2:    layout_misc_corridors, regret_index_zotdec_icy_dp, grunt_ministairs_3
Zot:3:    grunt_zot_stairs_mandelzot, layout_onion, bh_zot_levy_curve,
          lemuel_elevator
Zot:4:    layout_basic, regret_index_zotdec_serpentine_coiled
Zot:5:    layout_misc_corridors

Skill      XL: |  1  2  3  4  5  6  7  8  9 10 11 12 13 14 15 16 17 18 19 20 21 22 23 24 25 26 27 |
---------------+----------------------------------------------------------------------------------+-----
Short Blades   | 2 3 4 5 6 8 9 10 11 12 13 14 15 16 18 21 23 27 | 27.0
Fighting       | 1 2 3 4 5 7 8 9 12 13 14 15 17 19 20 21 24 | 24.5
Ice Magic      | 1 3 4 5 6 7 8 |  8.0
Hexes          | 4 5 6 7 8 9 10 11 12 13 14 15 17 18 20 | 20.0
Dodging        | 3 4 5 6 8 9 10 11 12 13 14 15 16 17 19 20 22 | 22.4
Spellcasting   | 3 4 5 6 8 9 10 11 12 | 12.0
Stealth        | 6 7 8 11 13 14 15 16 | 16.0
Evocations     | 3 4 5 6 7 8 10 12 13 | 13.0
Invocations    | 3 5 6 8 12 13 14 15 | 15.0
Shields        | 2 4 6 7 8 |  8.8
Armour         | 2 5 6 |  6.0
Air Magic      | 2 3 4 5 6 7 8 9 |  9.0
Earth Magic    | 3 5 7 8 |  8.0

Action                     |  1- 3 |  4- 6 |  7- 9 | 10-12 | 13-15 | 16-18 | 19-21 | 22-24 | 25-27 || total
---------------------------+-------+-------+-------+-------+-------+-------+-------+-------+-------++-------
  Melee: Dagger            |    60 |   125 |   255 |   505 |   773 |       |       |       |       ||  1718
         Punch             |       |     2 |     3 |     6 |       |       |       |       |       ||    11
         Short sword       |       |       |       |       |   282 |   601 |    72 |       |       ||   955
         Rapier            |       |       |       |       |       |       |   748 |  1029 |  1647 ||  3424
  Throw: Dart              |       |       |       |     9 |     5 |       |       |       |     1 ||    15
   Cast: Ensorcelled Hiber |     4 |    18 |    27 |   112 |   205 |   197 |   201 |   165 |   224 ||  1153
         Confusing Touch   |       |       |     6 |    13 |    39 |    33 |    34 |    39 |    76 ||   240
         Tukima's Dance    |       |       |       |    10 |    10 |       |       |       |       ||    20
         Ozocubu's Armour  |       |       |       |       |     1 |     2 |     4 |       |       ||     7
         Swiftness         |       |       |       |       |       |     1 |       |       |     1 ||     2
         Cause Fear        |       |       |       |       |       |     3 |     1 |       |     3 ||     7
         Passwall          |       |       |       |       |       |       |     1 |     2 |     3 ||     6
         Silence           |       |       |       |       |       |       |     3 |     2 |     8 ||    13
         Blink             |       |       |       |       |       |       |     2 |       |     1 ||     3
         Enfeeble          |       |       |       |       |       |       |       |       |   109 ||   109
 Invoke: Vitalisation      |       |       |       |     1 |     5 |    12 |     8 |     4 |     7 ||    37
         Recite            |       |       |       |       |     2 |       |       |       |     1 ||     3
         Imprison          |       |       |       |       |     1 |       |       |       |       ||     1
         Sanctuary         |       |       |       |       |       |     2 |     1 |       |       ||     3
Ability: Evoke Blink       |       |       |       |       |       |     1 |       |       |       ||     1
  Evoke: Wand              |       |       |     2 |       |    10 |     8 |    11 |    15 |    10 ||    56
         Lightning rod     |       |       |       |       |     6 |     4 |     3 |       |       ||    13
         Phantom mirror    |       |       |       |       |     1 |       |     1 |       |     1 ||     3
         Phial of floods   |       |       |       |       |       |       |     1 |       |       ||     1
         Condenser vane    |       |       |       |       |       |       |       |     1 |       ||     1
    Use: Scroll            |     6 |     3 |     7 |     5 |    12 |     3 |     4 |     5 |    10 ||    55
         Potion            |       |       |       |       |     1 |     4 |     2 |     3 |    12 ||    22
   Stab: Sleeping          |    14 |    10 |    58 |   100 |   166 |   189 |   234 |   208 |   230 ||  1209
         Distracted        |       |     2 |       |     2 |     1 |     4 |     4 |     4 |    10 ||    27
         Confused          |       |       |     4 |     8 |    37 |    28 |    38 |    46 |    80 ||   241
         Invisible         |       |       |       |       |       |     1 |       |     9 |    82 ||    92
 Armour: Robe              |     8 |    33 |    59 |     8 |       |       |       |       |       ||   108
         Leather armour    |       |       |       |    45 |       |       |       |       |       ||    45
         Ring mail         |       |       |       |   121 |   345 |       |       |       |       ||   466
         Troll leather arm |       |       |       |       |    59 |   238 |   431 |   680 |  1058 ||  2466
  Dodge: Dodged            |    44 |    86 |   187 |   268 |   569 |   524 |   557 |   929 |  1314 ||  4478
  Block: Other             |       |       |       |    40 |       |       |       |       |       ||    40
         Reflection        |       |       |       |     2 |       |       |       |       |       ||     2
         Buckler           |       |       |       |    62 |   252 |   205 |       |       |       ||   519

Table legend: (Time is in decaauts)
 A = Elapsed time spent in this place.
 B = Non-inter-level travel time spent in this place.
 C = Inter-level travel time spent in this place.
 D = Time resting spent in this place.
 E = Time spent auto-exploring this place.
 F = Levels seen in this place.
 G = Mean time per level.
                   A        B        C        D        E       F      G
               +--------+--------+--------+--------+--------+-----+--------+
         Total |  77152 |  70223 |   6929 |  10485 |  45561 |  55 | 1402.8 |
       Dungeon |  21352 |  18627 |   2725 |   1156 |  14469 |  15 | 1423.5 |
        Temple |     20 |      2 |     18 |      0 |      0 |   1 |   20.0 |
          Lair |   8308 |   7269 |   1039 |    419 |   5586 |   5 | 1661.6 |
         Swamp |   3938 |   3557 |    381 |    254 |   2591 |   4 |  984.5 |
   Spider Nest |   5698 |   5328 |    370 |   1288 |   2578 |   4 | 1424.5 |
    Slime Pits |    331 |    299 |     32 |    158 |     25 |   2 |  165.5 |
  Orcish Mines |   3290 |   2750 |    540 |    777 |   1259 |   2 | 1645.0 |
   Elven Halls |   4651 |   4492 |    159 |   1316 |   2187 |   3 | 1550.3 |
        Vaults |  10415 |   9602 |    813 |   1349 |   6377 |   5 | 2083.0 |
         Crypt |   4510 |   4378 |    132 |    737 |   2699 |   3 | 1503.3 |
        Depths |   6275 |   5790 |    485 |    642 |   3860 |   4 | 1568.8 |
           Zot |   7175 |   6946 |    229 |   1941 |   3668 |   5 | 1435.0 |
       Ossuary |    595 |    595 |      0 |    300 |     51 |   1 |  595.0 |
      Gauntlet |    589 |    589 |      0 |    148 |    209 |   1 |  589.0 |
               +--------+--------+--------+--------+--------+-----+--------+

Top non-repeatable levels by time:
Vaults:5: 4098 daAuts
   Orc:2: 2552 daAuts
    D:14: 2513 daAuts
Spider:4: 2487 daAuts
  Lair:5: 2234 daAuts
   Elf:3: 2122 daAuts
  Lair:3: 2015 daAuts
Vaults:1: 1985 daAuts
 Crypt:3: 1943 daAuts
     D:1: 1863 daAuts
Depths:1: 1857 daAuts
   Elf:1: 1856 daAuts
     D:2: 1851 daAuts
     D:4: 1814 daAuts
Depths:3: 1777 daAuts

Table legend:
 A = Kills in this place as a percentage of kills in the entire game.
 B = Kills by you in this place as a percentage of kills by you in the entire game.
 C = Kills by friends in this place as a percentage of kills by friends in the entire game.
 D = Other kills in this place as a percentage of other kills in the entire game.
 E = Experience gained in this place as a percentage of experience gained in the entire game.
 F = Experience gained in this place divided by the number of levels of this place that you have seen.
                   A       B       C       D       E      F
               +-------+-------+-------+-------+-------+----------------------
         Total | 100.0 | 100.0 | 100.0 | 100.0 | 100.0 | 23916.0
       Dungeon |  17.0 |  16.9 |  33.3 |  29.4 |   4.9 | 4257.4
          Lair |   9.1 |   9.0 |  33.3 |  11.8 |   4.0 | 10507.4
         Swamp |   4.8 |   4.8 |   0.0 |   5.9 |   5.3 | 17475.0
   Spider Nest |  10.2 |  10.2 |   0.0 |   5.9 |   7.3 | 23894.5
    Slime Pits |   1.9 |   1.9 |   0.0 |   5.9 |   1.3 | 8292.5
  Orcish Mines |   4.4 |   4.3 |  33.3 |   0.0 |   1.2 | 7759.0
   Elven Halls |   5.9 |   5.9 |   0.0 |   5.9 |   6.7 | 29459.7
        Vaults |  16.6 |  16.8 |   0.0 |   5.9 |  22.6 | 59424.8
         Crypt |   8.2 |   8.1 |   0.0 |  17.6 |   9.9 | 43468.0
        Depths |  11.3 |  11.4 |   0.0 |   0.0 |  15.7 | 51745.8
           Zot |   9.8 |   9.9 |   0.0 |  11.8 |  21.0 | 55196.2
       Ossuary |   0.6 |   0.6 |   0.0 |   0.0 |   0.0 | 341.0
      Gauntlet |   0.2 |   0.2 |   0.0 |   0.0 |   0.2 | 2187.0
               +-------+-------+-------+-------+-------+----------------------
